Map: Newkirk Precinct TE (Void)

Players

HuShang

  • Race: Protoss Protoss
  • League: Grandmaster
  • Spawn Location: 7:00

Rampage - Winner!

  • Race: Terran Terran
  • League: Grandmaster
  • Spawn Location: 5:00

VOD

https://www.reddit.com/r/starcraft/comments/62lgt9/starcraft_2_tvp_mech_build_order_with_bcs/

Description

TvP Mech Build Order created by Bombs

Time

  • Played on: April 2, 2017, 4:53 p.m.
  • Length: 6:56
Show
View Real Time Build Order
Export as new Build Order

HuShang Protoss 

Build Orders: 1 Gate Expand, Colossus Rush 

Get SALT Encoding   

  12  0:01  Probe (Chrono Boost)  
  13  0:11  Probe (Chrono Boost)  
  14  0:18  Pylon  
  14  0:22  Probe (Chrono Boost)  
  15  0:36  Probe (Chrono Boost)  
  15  0:37  Gateway  
  16  0:43  Assimilator  
  16  0:47  Probe (Chrono Boost)  
  17  0:57  Probe (Chrono Boost)  
  18  1:08  Probe (Chrono Boost)  
  19  1:20  Probe (Chrono Boost)  
  19  1:23  Nexus  
  20  1:33  Cybernetics Core  
  20  1:36  Probe (Chrono Boost)  
  21  1:41  Assimilator  
  21  1:47  Probe (Chrono Boost)  
  21  1:52  Pylon  
  22  1:57  Probe (Chrono Boost)  
  23  2:11  Mothership Core (Chrono Boost)  
  23  2:13  Adept  
  23  2:15  Warp Gate  
  27  2:29  Probe (Chrono Boost)  
  28  2:35  Robotics Facility  
  27  2:39  Probe (Chrono Boost)  
  27  2:40  Probe (Chrono Boost)  
  29  2:49  Probe (Chrono Boost)  
  29  2:50  Probe (Chrono Boost)  
  31  3:00  Probe (Chrono Boost)  
  31  3:01  Probe (Chrono Boost)  
  33  3:07  Gateway  
  33  3:09  Gateway  
  33  3:10  Probe (Chrono Boost)  
  33  3:11  Probe (Chrono Boost)  
  33  3:17  Adept  
  35  3:20  Observer  
  35  3:21  Probe (Chrono Boost)  
  35  3:27  Probe (Chrono Boost)  
  38  3:31  Probe (Chrono Boost)  
  39  3:34  Robotics Bay  
  39  3:40  Probe (Chrono Boost)  
  39  3:45  Pylon  
  39  3:46  Probe (Chrono Boost)  
  37  3:51  Probe (Chrono Boost)  
  38  3:57  Probe (Chrono Boost)  
  38  3:58  Observer  
  38  4:01  Probe (Chrono Boost)  
  41  4:05  Assimilator  
  41  4:08  Probe (Chrono Boost)  
  41  4:09  Assimilator  
  42  4:12  Probe (Chrono Boost)  
  42  4:15  Colossus  
  43  4:18  Probe (Chrono Boost)  
  51  4:24  Probe (Chrono Boost)  
  51  4:29  Probe (Chrono Boost)  
  52  4:36  Probe (Chrono Boost)  
  53  4:39  Probe (Chrono Boost)  
  53  4:45  Pylon  
  54  4:48  Pylon  
  54  4:56  Extended Thermal Lance  
  54  5:01  Gateway  
  54  5:03  Probe (Chrono Boost)  
  54  5:05  Gateway x2, Probe (Chrono Boost)  
  56  5:13  Sentry  
  58  5:17  Stalker  
  58  5:18  Stalker  
  62  5:23  Warp Prism  
  63  5:36  Stalker  
  63  5:42  Stalker x2  
  69  5:48  Probe (Chrono Boost)  
  70  6:16  Pylon x2  
  70  6:17  Pylon  
  70  6:35  Stalker x6  
  70  6:36  Pylon, Probe (Chrono Boost)  
  70  6:37  Pylon  
Show
View Real Time Build Order
Export as new Build Order

Rampage Terran - Winner!

Build Orders: Mech 

Get SALT Encoding   

  12  0:00  SCV  
  13  0:13  SCV  
  14  0:17  Supply Depot  
  14  0:25  SCV  
  15  0:30  Refinery  
  15  0:39  SCV  
  16  0:45  Barracks  
  16  0:52  SCV  
  17  1:04  SCV  
  18  1:16  SCV  
  20  1:32  Reaper  
  20  1:33  Orbital Command  
  20  1:45  Command Center  
  20  1:57  Factory  
  21  2:01  SCV  
  21  2:08  Barracks Reactor  
  21  2:13  Supply Depot  
  21  2:16  SCV  
  22  2:22  Refinery  
  22  2:28  SCV  
  23  2:40  SCV  
  24  2:50  Hellion  
  24  2:51  Hellion  
  28  2:52  SCV  
  28  2:57  Orbital Command  
  29  3:05  SCV  
  30  3:15  Widow Mine  
  30  3:16  Cyclone  
  30  3:17  SCV  
  36  3:24  SCV  
  36  3:29  SCV  
  36  3:30  Supply Depot  
  37  3:36  SCV  
  37  3:41  SCV  
  37  3:49  SCV  
  37  3:50  Widow Mine, Cyclone  
  37  3:53  SCV  
  37  3:54  Supply Depot  
  42  4:01  SCV  
  43  4:06  SCV, Command Center  
  44  4:13  SCV  
  45  4:18  SCV  
  45  4:20  Supply Depot  
  45  4:23  Widow Mine x2  
  50  4:25  SCV  
  51  4:31  Factory  
  51  4:32  Factory  
  51  4:34  SCV  
  52  4:39  SCV  
  53  4:46  SCV  
  53  4:51  SCV  
  55  4:53  Supply Depot  
  55  4:55  Widow Mine x2  
  55  4:58  SCV, Refinery  
  55  4:59  Refinery  
  60  5:01  Armory  
  60  5:03  SCV, Engineering Bay  
  61  5:10  SCV  
  62  5:15  SCV  
  62  5:16  Supply Depot  
  62  5:19  Factory Tech Lab x2  
  63  5:21  Orbital Command  
  63  5:23  SCV  
  63  5:27  Hellion x2  
  63  5:28  SCV  
  69  5:35  SCV  
  70  5:37  Supply Depot x2  
  70  5:40  SCV, Siege Tank  
  73  5:49  SCV  
  74  5:52  Widow Mine x2  
  74  5:53  Siege Tank  
  80  5:58  Missile Turret  
  80  5:59  Missile Turret  
  80  6:03  SCV  
  80  6:04  SCV  
  82  6:05  Supply Depot  
  82  6:08  SCV  
  81  6:15  SCV  
  81  6:16  Siege Tank  
  85  6:20  SCV  
  85  6:23  Supply Depot x2  
  91  6:40  Supply Depot  
  91  6:41  SCV  
Tags
 
Add a new tag
Caveats
  • Supply blocks, unpowered buildings, or Contaminate may cause inaccurate times.
  • Supply counts are checked every 10 seconds.